 Dungeon Crawl Stone Soup version 0.30.0-29-ga12c61a403 (webtiles) character file.

Game seed: 7378163600491796221

375 qw the Chopper (level 6, -4/38 HPs)
             Began as a Gargoyle Fighter on June 5, 2023.
             Was an Initiate of Okawaru.
             Slain by Edmund
             ... wielding a +3 flail of draining
              (8 damage)
             ... on level 5 of the Dungeon.
             The game lasted 00:01:48 (3416 turns).

qw the Chopper (Gargoyle Fighter)                   Turns: 3416, Time: 00:01:48

Health: -4/38      AC: 23    Str: 27    XL:     6   Next: 73%
Magic:  6/6        EV:  8    Int:  9    God:    Okawaru [......]
Gold:   55         SH:  4    Dex:  9    Spells: 5/5 levels left

rFire   + . .        Y - +0 war axe (protect)
rCold   + . .        c - +0 buckler
rNeg    + . .        n - +0 chain mail
rPois   inf          g - +1 helmet
rElec   +            a - scarf {rC+ rF+}
rCorr   .            (no gloves)
SInv    +            e - +0 pair of boots
Will    .....        (no amulet) Stlth
                     s - +6 ring of strength
HPRegen 0.26/turn    t - ring of see invisible
MPRegen 0.10/turn

%: no passive effects
@: about to teleport, under a protective aura
A: sickness immunity, AC +4, negative energy resistance 1, electricity
resistance, torment resistance 1, petrification resistance
a: Renounce Religion


You were on level 5 of the Dungeon.
You worshipped Okawaru.
Okawaru was noncommittal.
You visited 2 branches of the dungeon, and saw 6 of its levels.

You collected 180 gold pieces.
You spent 125 gold pieces at shops.


Innate Abilities, Weirdness & Mutations

You are immune to sickness and miasma.
Your stone body is resilient. (AC +4)
You are immune to poison.
You resist negative energy. (rN+)
You are resistant to electric shocks. (rElec)
You are resistant to unholy torment.
You are immune to petrification.


   Skills:
 - Level 4.0 Fighting
 - Level 6.0 Axes
 - Level 3.2 Armour
 + Level 0.0 Dodging
 - Level 3.2 Shields


You had 5 spell levels left.
You didn't know any spells.
Your spell library was empty.

Inventory:

Hand Weapons
 q - a +0 morningstar
 Y - a +0 war axe of protection (weapon)
Armour
 a - a scarf of resistance (worn)
 c - a +0 buckler (worn)
 e - a +0 pair of boots (worn)
 g - a +1 helmet (worn)
 n - a +0 chain mail (worn)
Jewellery
 p - a ring of fire
 s - a +6 ring of strength (left hand)
 t - a ring of see invisible (right hand)
Scrolls
 b - a scroll of identify
 k - a scroll of teleportation
Potions
 d - a potion of might
 h - 2 potions of attraction
 j - a potion of lignification
 l - a potion of cancellation
 u - a potion of haste {unknown}

Dungeon Overview and Level Annotations

Branches:
Dungeon (5/15)             Temple (1/1) D:4

Altars:
Ashenzari
Cheibriados
Dithmenos
Fedhas
Hepliaklqana
Kikubaaqudgha
Makhleb
Nemelex Xobeh
Okawaru
Qazlal
Ru
Sif Muna
Uskayaw
Vehumet
Wu Jian
Xom
Yredelemnul
Zin
The Shining One

Shops:
D:3 ?

Annotations:
D:1 2 transporters
D:5 Edmund, Pikel


Message History

Edmund hits you with a +3 flail of draining!
You completely miss the scorpion.
The scorpion is almost dead.
You slash Edmund!
Your weapon exudes an aura of protection.
The scorpion stings you but does no damage.
Edmund hits you but does no damage. The scorpion barely misses you.
You barely miss the scorpion.
The scorpion is almost dead.
You barely miss the black bear. You hit Edmund but do no damage.
Edmund hits you with a +3 flail of draining.
The black bear bites you. You block the black bear's attack.
The black bear claws you but does no damage.
You block the scorpion's attack.
3414 ||| READING 2 scrolls of teleportation.
As you read the scroll of teleportation, it crumbles to dust.
You feel strangely unstable. The scorpion stings you.
The black bear bites you but does no damage.
The black bear claws you.
The black bear claws you but does no damage.
Edmund hits you but does no damage.
You hit the scorpion.
You kill the scorpion!
Okawaru accepts your kill.
You barely miss Edmund. You hit the lemure.
You hit the black bear but do no damage.
The black bear bites you but does no damage.
The black bear claws you but does no damage.
The black bear barely misses you. Edmund closely misses you.
The lemure hits you.
Your Axes skill increases to level 6!
You barely miss the black bear.
The black bear is severely wounded.
You hit Edmund but do no damage. You hit the lemure.
You block the black bear's attack.
The black bear claws you but does no damage. x2
The lemure hits you but does no damage. You block Edmund's attack.
Edmund hits you with a +3 flail of draining!
You die...

..## #......###
....##........#.###
........K...#.#...#
#...............#.##
#
#.....5.......#....
>#
#5K..<.....[..#..#
#...#))....##......
#.. #.......h5..# #.
.....[....@..# ..
...#...?..@...# .#
#.#.###...........
...#.
#..####........ ..
.. #.## ###.....# .
....## .#.... ......


You could see Edmund, Pikel, a black bear and a lemure.

Vanquished Creatures
  2 lemures (D:5)
  3 scorpions
  A hound (D:4)
  An orc wizard (D:5)
  A statue (D:4)
  3 adders
  A shadow imp (D:5)
  A worm (D:3)
  2 dart slugs
  12 orcs
  3 bats
  6 endoplasms
  2 giant cockroaches
  2 goblins (D:1)
  9 hobgoblins
  2 jackals (D:2)
  5 quokkas
  4 ball pythons
  2 frilled lizards (D:1)
  8 kobolds
  11 rats
81 creatures vanquished.

Notes
Turn   | Place    | Note
-------+----------+-------------------------------------------
     0 | D:1      | qw the Gargoyle Fighter began the quest for the Orb.
     0 | D:1      | Reached XP level 1. HP: 14/14 MP: 1/1
     0 | D:1      | 0 ||| qw: Version: 0.2-a-108-gee2c290
     0 | D:1      | 0 ||| qw: Game counter: 1414
     0 | D:1      | 0 ||| qw: Always use a shield: true
     0 | D:1      | 0 ||| qw: God list: Okawaru
     0 | D:1      | 0 ||| qw: Allow faded altars: false
     0 | D:1      | 0 ||| qw: Do Orc after D:15 true
     0 | D:1      | 0 ||| qw: Do second Lair branch before Depths: true
     0 | D:1      | 0 ||| qw: Lair rune preference: random
     0 | D:1      | 0 ||| qw: Plans: Normal, Zot:1-4, Slime:5, God:TSO, Crypt,
                  | Tomb, Abyss, Pan, Hells, Win
     0 | D:1      | 0 ||| PLANNING D:1-11
    15 | D:1      | 15 ||| Stepping ~*~*~tactically~*~*~ (hiding).
    16 | D:1      | 16 ||| Stepping ~*~*~tactically~*~*~ (hiding).
    41 | D:1      | Reached skill level 2 in Axes
    71 | D:1      | 71 ||| Stepping ~*~*~tactically~*~*~ (stealth).
    72 | D:1      | 72 ||| Stepping ~*~*~tactically~*~*~ (stealth).
   192 | D:1      | Reached XP level 2. HP: 19/19 MP: 2/2
   362 | D:1      | 362 ||| Stepping ~*~*~tactically~*~*~ (hiding).
   479 | D:1      | 479 ||| Stepping ~*~*~tactically~*~*~ (hiding).
   561 | D:1      | Found a faded altar of an unknown god.
   705 | D:1      | Reached skill level 3 in Axes
   763 | D:1      | Reached XP level 3. HP: 23/23 MP: 3/3
   944 | D:1      | 944 ||| UPGRADING to +0 chain mail.
   954 | D:1      | 954 ||| DROPPING +0 scale mail.
   955 | D:1      | 955 ||| DROPPING ring of flight.
   956 | D:1      | 956 ||| READING 2 scrolls labelled HEDYCI CAKKA.
   957 | D:1      | 957 ||| READING scroll labelled BIENAM PUIPS.
   961 | D:1      | 961 ||| READING scroll labelled QIKHIE NIEDA.
   962 | D:1      | 962 ||| READING scroll labelled WAOLEE YGOTT.
   963 | D:1      | 963 ||| READING scroll labelled HIMAEM YMEEVIA.
  1064 | D:1      | 1064 ||| DROPPING scroll of vulnerability.
  1142 | D:2      | Found a shimmering blue altar of Sif Muna.
  1497 | D:2      | Reached XP level 4. HP: 26/28 MP: 4/4
  1672 | D:2      | Identified the +5 spear "Jocankugh" {holy, rPois rC+
                  | Stlth+}
  1823 | D:2      | 1823 ||| UPGRADING to scarf of resistance.
  1828 | D:2      | 1828 ||| UPGRADING to +0 helmet.
  1833 | D:2      | 1833 ||| READING 2 scrolls labelled CAUTSU NIKHLEWO.
  1834 | D:2      | 1834 ||| READING scroll labelled LIMACAQORO.
  1835 | D:2      | 1835 ||| READING scroll labelled HAENER ROAPP.
  1867 | D:3      | Found a glowing silver altar of Zin.
  1878 | D:3      | 1878 ||| Stepping ~*~*~tactically~*~*~ (stealth).
  1927 | D:3      | 1927 ||| DROPPING +0 whip.
  1950 | D:3      | Reached skill level 4 in Axes
  1967 | D:3      | Identified the +7 spear of Virtue {freeze, rF+ Will+}
  2016 | D:3      | Found Feiqado's Magic Scroll Shoppe.
  2018 | D:3      | 2018 ||| Stepping ~*~*~tactically~*~*~ (stealth).
  2040 | D:3      | 2040 ||| BUYING scroll of brand weapon (95 gold).
  2040 | D:3      | Bought a scroll of brand weapon for 95 gold pieces
  2040 | D:3      | 2040 ||| SHOPLISTING scroll of enchant weapon (75 gold,
                  | have 56).
  2040 | D:3      | 2040 ||| BUYING scroll of teleportation (30 gold).
  2040 | D:3      | Bought a scroll of teleportation for 30 gold pieces
  2040 | D:3      | 2040 ||| READING scroll of brand weapon.
  2040 | D:3      | 2040 ||| BRANDING +0 war axe.
  2123 | D:3      | Found a broken altar of Ashenzari.
  2346 | D:3      | 2346 ||| UPGRADING to +0 pair of boots.
  2351 | D:3      | 2351 ||| DROPPING orb of energy.
  2352 | D:3      | 2352 ||| UPGRADING to +6 ring of strength.
  2353 | D:3      | 2353 ||| UPGRADING to ring of see invisible.
  2354 | D:3      | 2354 ||| READING scroll labelled QATWIM TABBEIW.
  2375 | D:3      | 2375 ||| READING scroll labelled ABABLO RARIO.
  2376 | D:3      | 2376 ||| DRINKING 2 orange potions.
  2481 | D:4      | Noticed a scorpion
  2493 | D:4      | Killed a scorpion
  2494 | D:4      | Reached XP level 5. HP: 29/32 MP: 5/5
  2511 | D:4      | 2511 ||| READING scroll of enchant armour.
  2511 | D:4      | 2511 ||| ENCHANTING +0 helmet.
  2526 | D:4      | Reached skill level 5 in Axes
  2552 | D:4      | 2552 ||| Stepping ~*~*~tactically~*~*~ (stealth).
  2559 | D:4      | Found a staircase to the Ecumenical Temple.
  2560 | D:4      | 2560 ||| PLANNING TEMPLE
  2560 | D:4      | 2560 ||| Stepping ~*~*~tactically~*~*~ (stealth).
  2574 | D:4      | Reached XP level 6. HP: 38/38 MP: 6/6
  2586 | Temple   | Entered the Ecumenical Temple
  2650 | Temple   | 2650 ||| PLANNING OKAWARU WORSHIP
  2712 | Temple   | Became a worshipper of Warmaster Okawaru
  2712 | Temple   | 2712 ||| PLANNING D:1-11
  2877 | D:4      | 2877 ||| DROPPING +0 flail.
  2997 | D:4      | 2997 ||| Stepping ~*~*~tactically~*~*~ (hiding).
  2999 | D:4      | 2999 ||| Stepping ~*~*~tactically~*~*~ (hiding).
  3239 | D:4      | Found a radiant altar of Vehumet.
  3343 | D:4      | 3343 ||| DRINKING 2 grey potions.
  3344 | D:4      | 3344 ||| DRINKING 3 lumpy clear potions.
  3345 | D:4      | 3345 ||| DRINKING 2 metallic sapphire potions.
  3346 | D:4      | 3346 ||| DRINKING potion of curing.
  3346 | D:4      | 3346 ||| (to cure confusion)
  3347 | D:4      | 3347 ||| READING 3 scrolls of identify.
  3347 | D:4      | 3347 ||| IDENTIFYING green potion
  3348 | D:4      | 3348 ||| READING 2 scrolls of identify.
  3348 | D:4      | 3348 ||| IDENTIFYING blue potion
  3349 | D:4      | 3349 ||| DROPPING potion of ambrosia.
  3383 | D:5      | Entered Level 5 of the Dungeon
  3383 | D:5      | Noticed Pikel
  3390 | D:5      | Noticed a black bear
  3393 | D:5      | Noticed Edmund
  3402 | D:5      | HP: 7/38 [Pikel/puff of flame (5)]
  3403 | D:5      | 3403 ||| READING 3 scrolls of teleportation.
  3404 | D:5      | 3404 ||| DRINKING potion of heal wounds.
  3413 | D:5      | HP: 8/38 [black bear (5)]
  3414 | D:5      | 3414 ||| READING 2 scrolls of teleportation.
  3415 | D:5      | HP: 3/38 [lemure[Pikel] (3)]
  3416 | D:5      | Reached skill level 6 in Axes
  3416 | D:5      | Slain by Edmund

Levels and vault maps discovered:
D:1:      spicycebolla_arrival_transporter_tutorial, layout_loops_ring,
          shapermc_ecumenical_altar_totnotflames, minmay_split_cup_large
D:2:      layout_loops_cross, basic_altar, minmay_circle_x
D:3:      layout_rooms, zin_academy, nicolae_overflow_crystal_walls,
          serial_shops, shop, minivault_24
D:4:      nicolae_cairo_tiling_large, layout_rooms, vehumet_statue,
          chequers_decorated_corner, minmay_misc_feat_plants
D:5:      layout_rooms, lemuel_doored_altar, minmay_misc_feat_secret_circle,
          uniq_pikel, uniq_edmund, uniq_grinder
Temple:   kb_temple_of_zot

Skill      XL: |  1  2  3  4  5  6 |
---------------+-------------------+-----
Axes           | 2 3 4 5 6 |  6.0
Fighting       | 4 |  4.0
Armour         | |  3.2
Shields        | |  3.2

Action                     |  1- 3 |  4- 6 || total
---------------------------+-------+-------++-------
  Melee: War axe           |    96 |   139 ||   235
    Use: Scroll            |     5 |    11 ||    16
         Potion            |       |     6 ||     6
 Armour: Scale mail        |    35 |       ||    35
         Chain mail        |    13 |   131 ||   144
  Dodge: Dodged            |    41 |    83 ||   124
  Block: Buckler           |    12 |    38 ||    50

Table legend:
 A = Non-vault XP
 B = Vault XP
 C = Vault XP percentage of total XP
 D = Non-vault monster count
 E = Vault monster count
 F = Vault count percentage of total count
                 A         B        C        D         E       F
            +---------+---------+-------+---------+---------+-------
      Total |     496 |      41 |   7.6 |      71 |       8 |  10.1
            +---------+---------+-------+---------+---------+-------
        D:1 |      33 |       5 |  13.2 |      19 |       4 |  17.4
        D:2 |      50 |       4 |   7.4 |      16 |       3 |  15.8
        D:3 |      27 |       0 |   0.0 |      13 |       0 |   0.0
        D:4 |     252 |      32 |  11.3 |      18 |       1 |   5.3
        D:5 |     134 |       0 |   0.0 |       5 |       0 |   0.0
            +---------+---------+-------+---------+---------+-------
